 Dungeon Crawl Stone Soup version bcrawl-1.37.2 (webtiles) character file.

Game seed: 9495200971735948504

122863 Baz the Cutter (level 4, -5/31 HPs)
             Began as an Octopode Chaos Knight on Feb 13, 2023.
             Was a Plaything of Xom.
             Slain by a sky beast (6 damage)
             ... on level 2 of the Dungeon.
             The game lasted 00:01:49 (1473 turns).

Baz the Cutter (Octopode Chaos Knight)              Turns: 1473, Time: 00:01:49

Health: -5/31      AC:  1    Str:  7 (9)  XL:     4   Next: 0%
Magic:  4/4        EV: 13    Int: 14 (15) God:    Xom [*.....]
Gold:   37         SH:  0    Dex: 10 (11) Spells: 3/3 levels left

rFire    + . .     GDR:     22% a - +0 short sword (chaos)
rCold    . . .     SeeInvis .   (no shield)
rNeg     . . .     Gourm    .   (helmet restricted)
rPois    .         Faith    .   (cloak restricted)
rElec    .         Spirit   .   (no amulet)
rCorr    .         Reflect  .   (no ring)
MR       .....                  (no ring)
Stlth    +++.......             (no ring)
HPRegen  0.15/turn              (no ring)
MPRegen  0.09/turn              (no ring)
                                (no ring)
                                (no ring)
                                (no ring)

@: no status effects
A: almost no armour, stealthy swim, resist paralysis, amphibious, 8 rings,
constrict 8, camouflage 1, deterioration 1, fire resistance 1, screaming 1, weak
1, gelatinous body 1
a: Renounce Religion


You were on level 2 of the Dungeon.
You worshipped Xom.
You were a special plaything of Xom.
You were hungry.

You visited 1 branch of the dungeon, and saw 2 of its levels.

You collected 37 gold pieces.

Inventory:

Hand Weapons
 a - a +0 short sword of chaos (weapon)
Scrolls
 b - a scroll of teleportation
 d - 2 scrolls of amnesia {unknown}
 g - 2 scrolls of remove curse {unknown}
 j - 2 scrolls of enchant weapon {unknown}
 k - a scroll of immolation {unknown}
Potions
 f - a potion of cancellation
 h - 3 potions of curing
 i - a potion of heal wounds {unknown}
Comestibles
 c - 5 chunks of flesh
 e - 4 rations {!d}


   Skills:
 + Level 3.3 Fighting
 + Level 3.3 Short Blades
 + Level 2.8 Dodging
 * Level 3.1 Stealth


You had 3 spell levels left.
You didn't know any spells.
Your spell library was empty.

Dungeon Overview and Level Annotations

Branches:
Dungeon (2/12)

Altars:


Innate Abilities, Weirdness & Mutations

You cannot wear most types of armour.
You are very stealthy in the water. (Stealth+)
Your unusual nervous system resists paralysis.
You are amphibious.
You can wear up to eight rings at the same time.
You can use your tentacles to constrict eight enemies at once.
Your skin changes colour to match your surroundings (Stealth+).
Your rubbery body absorbs attacks. (AC +1, EV +1)
Your body sometimes deteriorates upon taking damage.
Your flesh is heat resistant. (rF+)
You occasionally shout uncontrollably at your foes.
You are weak. (Str -2)


Message History

Your body deteriorates!
You feel weakened. Something shocks you.
A sky beast appears from thin air!
Reactivating autopickup.
You closely miss the sky beast. The sky beast hits you.
The sky beast shocks you.
Your body deteriorates!
You feel clumsy.
You closely miss the sky beast. The sky beast hits you.
* * * LOW HITPOINT WARNING * * *
Your body deteriorates!
You feel dopey. The sky beast shocks you.
* * * LOW HITPOINT WARNING * * *
You hit the sky beast. You freeze the sky beast.
You squeeze the sky beast, but do no damage.
The sky beast is moderately wounded.
The sky beast hits you.
* * * LOW HITPOINT WARNING * * *
The sky beast shocks you.
You die...
Xom is highly amused!

#.#.##.#.......##
#.#.............# #
#.####....#.##..# # #.#
#..<.........#..###########
#.#
#########.#.#.............>
#.# #....#...###########
#.# #..###.......# #
#.############........###.#
#
#.#..Y......##..@...#...#.#
#
#.#.#######.##.Y#####.#.#.#
# .....#......##..# #.#.#.#
# ..#..#.#........# #.#.#.#
# .......#.######.#
#...#.#######
.....#.#.######.#
#####........
.....#.#.#......# #########
.##.##...#.######
....######...#


You could see a sky beast.

Vanquished Creatures
  A worker ant (D:2)
  A worm (D:2)
  2 dart slugs (D:1)
  A leopard gecko (D:2)
  6 goblins
  4 hobgoblins
  2 quokkas
  A ball python (D:1)
  2 bats
  2 frilled lizards (D:1)
  3 kobolds
  2 rats (D:2)
27 creatures vanquished.

Notes
Turn   | Place    | Note
-------+----------+-------------------------------------------
     0 | D:1      | Baz the Octopode Chaos Knight began the quest for the Orb.
     0 | D:1      | Reached XP level 1. HP: 16/16 MP: 1/1
    42 | D:1      | Reached skill level 1 in Stealth
    48 | D:1      | Reached XP level 2. HP: 19/21 MP: 2/2
   245 | D:1      | XOM: mild Erth miscast
   291 | D:1      | XOM: harmless Erth miscast
   323 | D:1      | XOM: potion effect (haste)
   413 | D:1      | XOM is BORED!
   413 | D:1      | XOM: silly message
   668 | D:2      | XOM: give mutations
   668 | D:2      | Gained mutation: Your body sometimes deteriorates upon
                  | taking damage. [Xom's mischief]
   668 | D:2      | Gained mutation: You are weak. (Str -2) [Xom's mischief]
   668 | D:2      | Gained mutation: You occasionally shout uncontrollably at
                  | your foes. [Xom's mischief]
   668 | D:2      | Gained mutation: Your flesh is heat resistant. (rF+) [Xom's
                  | mischief]
   707 | D:2      | Reached XP level 3. HP: 23/26 MP: 3/3
  1344 | D:2      | Noticed a sky beast
  1405 | D:2      | Reached XP level 4. HP: 30/31 MP: 4/4
  1473 | D:2      | HP: 1/31 [sky beast (1)]
  1473 | D:2      | Slain by a sky beast

Skill      XL: |  1  2  3 |
---------------+----------+-----
Stealth        | 1 2 3 |  3.1
Fighting       | |  3.3
Short Blades   | |  3.3
Dodging        | |  2.8

Action                   |  1- 3 |  4- 6 || total
-------------------------+-------+-------++-------
Melee: Short sword       |    45 |     3 ||    48
       Constrict         |    10 |       ||    10
       Tentacles         |     5 |     1 ||     6
  Use: Scroll            |     2 |       ||     2
 Stab: Sleeping          |     6 |       ||     6
       Petrifying        |     1 |       ||     1
  Eat: Chunk             |     2 |       ||     2
Armor: Skin              |     3 |       ||     3
Dodge: Dodged            |    20 |       ||    20
